 Dungeon Crawl Stone Soup version 0.30.1-9-gdf580d7c3d (webtiles) character file.

Game seed: 10579738563361345488

19677 Renzlar the Blocker (level 12, -8/97 HPs)
             Began as a Gnoll Fighter on Oct 20, 2023.
             Was a High Priest of Okawaru.
             Mangled by a komodo dragon (25 damage)
             ... on level 3 of the Lair of Beasts.
             The game lasted 00:54:06 (13771 turns).

Renzlar the Blocker (Gnoll Fighter)                Turns: 13771, Time: 00:54:07

Health: -8/97      AC: 14    Str: 19    XL:     12   Next: 71%
Magic:  23/23      EV: 12    Int:  8    God:    Okawaru [*****.]
Gold:   881        SH: 11    Dex: 13    Spells: 24/26 levels left

rFire   . . .        a - +11 Singing Sword {sonic wave}
rCold   . . .        n - +0 kite shield
rNeg    . . .        b - +2 scale mail
rPois   .            (no helmet)
rElec   .            w - +0 cloak
rCorr   +            E - +1 pair of gloves
SInv    .            (no boots)
Will    .....        (no amulet)
Stlth   ++           r - ring of resist corrosion
HPRegen 0.36/turn    (no ring)
MPRegen 0.18/turn

%: no passive effects
@: on berserk cooldown, slowed, very slow
A: fangs 1, strong nose, distributed training
a: Renounce Religion, Heroism, Finesse, Duel


You were on level 3 of the Lair of Beasts.
You worshipped Okawaru.
Okawaru was extremely pleased with you.
You visited 2 branches of the dungeon, and saw 14 of its levels.
You also visited: Sewer.

You collected 881 gold pieces.

Inventory:

Hand Weapons
 a - the +11 Singing Sword (weapon) {sonic wave}
   (You found it on level 4 of the Dungeon)
 c - a +4 sling
 k - a +2 demon trident of draining
 m - a +2 morningstar of protection
 v - a +3 scimitar of flaming
Missiles
 p - 36 poisoned darts (quivered)
 t - 2 throwing nets
Armour
 b - a +2 scale mail (worn)
 n - a +0 kite shield (worn)
 w - a +0 cloak (worn)
 E - a +1 pair of gloves (worn)
Jewellery
 r - a ring of resist corrosion (left hand)
Wands
 q - a wand of roots (14)
 x - a wand of flame (38)
 y - a wand of light (7)
 F - a wand of mindburst (5)
 G - a wand of digging (4)
Scrolls
 g - 4 scrolls of amnesia
 h - a scroll of fog
 i - 2 scrolls of enchant armour
 l - a scroll of magic mapping
 o - 7 scrolls of teleportation
 z - 2 scrolls of enchant weapon
 B - 3 scrolls of identify
 D - a scroll of brand weapon
Potions
 d - 2 potions of might
 e - 6 potions of heal wounds
 f - a potion of cancellation {unknown}
 j - 13 potions of curing
 s - 2 potions of mutation
 u - a potion of flight
 A - 2 potions of resistance
 C - a potion of haste
 H - a potion of invisibility


   Skills:
 + Level 10.2 Fighting
 + Level 7.8 Short Blades
 + Level 7.8 Long Blades
 + Level 9.1 Axes
 + Level 7.8 Maces & Flails
 + Level 7.8 Polearms
 + Level 7.8 Staves
 + Level 7.8 Ranged Weapons
 + Level 7.8 Throwing
 + Level 10.2 Armour
 + Level 7.8 Dodging
 + Level 7.8 Stealth
 + Level 10.2 Shields
 + Level 7.8 Unarmed Combat
 + Level 7.8 Spellcasting
 + Level 6.5 Conjurations
 + Level 6.5 Hexes
 + Level 6.5 Summonings
 + Level 6.5 Necromancy
 + Level 6.5 Translocations
 + Level 6.5 Transmutations
 + Level 6.5 Fire Magic
 + Level 6.5 Ice Magic
 + Level 6.5 Air Magic
 + Level 6.5 Earth Magic
 + Level 6.5 Poison Magic
 + Level 8.6 Invocations
 + Level 7.8 Evocations


You had 24 spell levels left.
You knew the following spells:

 Your Spells              Type           Power      Damage    Failure   Level
a - Cigotuvi's Dreadful   Necr/Pois/Air  26%        N/A       10%         2

Your spell library contained the following spells:

 Spells                   Type           Power      Damage    Failure   Level
 Blink                    Tloc           26%        N/A       10%         2
 Ensorcelled Hibernation  Hex/Ice        26%        N/A       10%         2
 Gell's Gravitas          Tloc           13%        N/A       21%         3
 Ignite Poison            Fire/Tmut/Pois 13%        N/A       21%         3
 Spider Form              Tmut/Pois      13%        N/A       21%         3
 Teleport Other           Tloc           13%        N/A       21%         3
 Anguish                  Hex/Necr       6%         N/A       54%         4
 Manifold Assault         Tloc           13%        N/A       54%         4
 Petrify                  Tmut/Erth      13%        N/A       54%         4
 Freezing Cloud           Conj/Ice/Air   6%         6-21      88%         5
 Metabolic Englaciation   Hex/Ice        6%         N/A       88%         5
 Dispersal                Tloc           6%         N/A       100%        6
 Statue Form              Tmut/Erth      8%         N/A       100%        6
 Storm Form               Tmut/Air       6%         N/A       100%        7


Dungeon Overview and Level Annotations

Branches:
Dungeon (11/15)            Temple (0/1) D:6            Lair (3/5) D:11
  Swamp (0/4) Lair:2          Orc (0/2) D:9           Sewer (visited)
  Snake: Lair:2-3    Spider: Lair:2-3

Altars:
Ashenzari
Cheibriados
Elyvilon
Gozag
Makhleb
Okawaru
Qazlal
Ru
Trog
Yredelemnul
Zin
Jiyva

Annotations:
D:7 3 runed translucent doors, Psyclone's ghost, amateur OpCj
D:9 2 transporters


Innate Abilities, Weirdness & Mutations

You have very sharp teeth.
Your uncanny sense of smell can sniff out nearby items.
Your experience applies equally to all skills.


Message History

* * * LOW HITPOINT WARNING * * *
Snorg claws you but does no damage. Snorg closely misses you.
Unknown command.
You barely miss Snorg.
Snorg is severely wounded.
A nearby fungus withers and dies.
You block Snorg's attack. Snorg claws you!
* * * LOW HITPOINT WARNING * * *
Snorg claws you.
* * * LOW HITPOINT WARNING * * *
You slice Snorg!!
Snorg is almost dead.
You block Snorg's attack. Snorg barely misses you. Snorg closely misses you.
You closely miss Snorg. You bite Snorg!
Snorg is almost dead.
Snorg barely misses you. You block Snorg's attack. x2
Unknown command.
Unknown command.
You closely miss Snorg.
Snorg is almost dead.
Unknown command.
Unknown command.
You barely miss Snorg.
Snorg is almost dead.
Snorg barely misses you. Snorg completely misses you. You block Snorg's attack.
Unknown command.
You slice Snorg!!
You kill Snorg!
Okawaru is honoured by your kill.
You feel a strong urge to attack something.
You are no longer berserk.
You are exhausted.
You feel yourself slow down.
f - a white potion
Things that are here:
a staff of cold; a +1 robe of cold resistance; the elf corpse of Fannar A komodo dragon comes into view.
You feel like a meek peon again.
The komodo dragon hisses angrily.
The komodo dragon bites you!!
You die...

## ### ####P###.####
#......#.##.#
#....<.....##
#...........#
#..........P#
#........##.##
#........##.####### ###
#.#......##...@....##P.##
##.......##...l..........
##......##..........#.
... #....##....#
....P....###...#
....PPP..###...#
...PPPP........#
...............#
...............##


You could see a komodo dragon.

Vanquished Creatures
  Snorg (Lair:3)
  Fannar (Lair:3)
  Erolcha (D:11)
  3 two-headed ogres
  Erica (D:11)
  A skyshark (Lair:1)
  A black mamba (Lair:1)
  An unseen horror (D:11)
  2 komodo dragons (Lair:1)
  Psyche (D:11)
  4 cane toads
  A rime drake (Lair:2)
  Maggie (D:6)
  3 polar bears (Lair:1)
  4 trolls
  7 blink frogs (Lair:1)
  Sigmund (D:3)
  A shadow (D:11)
  Eustachio (D:4)
  A wraith (D:9)
  A basilisk (Lair:1)
  12 yaks
  3 steam dragons
  A wyvern (Lair:2)
  3 vampire mosquitoes (D:10)
  Menkaure (D:7)
  Edmund (D:6)
  2 acid dragons
  6 water moccasins
  3 orc warriors
  4 black bears (Lair:1)
  A sky beast (D:5)
  4 ogres
  4 wolves
  A phantom (D:7)
  3 centaurs
  Blork the orc (D:6)
  7 bullfrogs
  2 gnoll sergeants (D:5)
  2 kobold brigands (D:8)
  7 scorpions (D:4)
  6 killer bees (D:11)
  An electric eel (D:11)
  A jelly (D:5)
  Crazy Yiuf (D:6)
  9 hounds
  7 orc priests
  A gnoll bouda (D:8)
  10 orc wizards
  Terence (D:3)
  A sleepcap (D:6)
  Natasha (thrice) (D:4)
  5 iguanas
  15 gnolls
  12 adders
  2 river rats (Sewer)
  2 shadow imps
  A white imp (D:5)
  An ufetubus (D:7)
  3 worms
  A dart slug (D:1)
  37 orcs
  6 ball pythons
  8 endoplasms
  A giant cockroach (D:2)
  6 goblins
  4 hobgoblins
  15 kobolds
  A quokka (D:4)
  5 bats
  11 rats
283 creatures vanquished.

Notes
Turn   | Place    | Note
-------+----------+-------------------------------------------
     0 | D:1      | Renzlar the Gnoll Fighter began the quest for the Orb.
     0 | D:1      | Reached XP level 1. HP: 23/23 MP: 1/1
   482 | D:1      | Reached XP level 2. HP: 29/29 MP: 2/2
   886 | D:2      | Found a faded altar of an unknown god.
   923 | D:2      | Reached XP level 3. HP: 35/35 MP: 3/3
   974 | D:2      | Reached skill level 1 in Invocations
  1316 | D:2      | Reached skill level 1 in Short Blades
  1316 | D:2      | Reached skill level 1 in Long Blades
  1316 | D:2      | Reached skill level 1 in Maces & Flails
  1316 | D:2      | Reached skill level 1 in Polearms
  1316 | D:2      | Reached skill level 1 in Staves
  1316 | D:2      | Reached skill level 1 in Ranged Weapons
  1316 | D:2      | Reached skill level 1 in Throwing
  1316 | D:2      | Reached skill level 1 in Dodging
  1316 | D:2      | Reached skill level 1 in Stealth
  1316 | D:2      | Reached skill level 1 in Unarmed Combat
  1316 | D:2      | Reached skill level 1 in Spellcasting
  1316 | D:2      | Reached skill level 1 in Evocations
  1602 | D:3      | Noticed Terence
  1616 | D:3      | Killed Terence
  1617 | D:3      | Reached skill level 1 in Conjurations
  1617 | D:3      | Reached skill level 1 in Hexes
  1617 | D:3      | Reached skill level 1 in Summonings
  1617 | D:3      | Reached skill level 1 in Necromancy
  1617 | D:3      | Reached skill level 1 in Translocations
  1617 | D:3      | Reached skill level 1 in Transmutations
  1617 | D:3      | Reached skill level 1 in Fire Magic
  1617 | D:3      | Reached skill level 1 in Ice Magic
  1617 | D:3      | Reached skill level 1 in Air Magic
  1617 | D:3      | Reached skill level 1 in Earth Magic
  1617 | D:3      | Reached skill level 1 in Poison Magic
  1617 | D:3      | Reached XP level 4. HP: 6/41 MP: 5/5
  1884 | D:3      | Found a glowing drain.
  1893 | Sewer    | Entered a sewer
  1968 | Sewer    | Reached XP level 5. HP: 47/47 MP: 7/7
  2330 | D:3      | Noticed Sigmund
  2337 | D:3      | Killed Sigmund
  2338 | D:3      | Reached skill level 5 in Axes
  2338 | D:3      | Reached XP level 6. HP: 53/53 MP: 7/9
  3050 | D:4      | Noticed Natasha
  3057 | D:4      | Killed Natasha
  3145 | D:4      | Reached XP level 7. HP: 51/60 MP: 10/10
  3238 | D:4      | Noticed Eustachio
  3248 | D:4      | Killed Eustachio
  3736 | D:4      | Noticed Natasha
  3740 | D:4      | Killed Natasha
  4109 | D:4      | Noticed Natasha
  4116 | D:4      | Killed Natasha
  4268 | D:4      | Reached XP level 8. HP: 57/67 MP: 12/12
  4378 | D:4      | Found the +11 Singing Sword {sonic wave}
  4553 | D:5      | Entered Level 5 of the Dungeon
  5113 | D:5      | Reached XP level 9. HP: 73/73 MP: 14/14
  5189 | D:5      | Found a burning altar of Makhleb.
  5191 | D:5      | Found a basalt altar of Yredelemnul.
  5191 | D:5      | Found an opulent altar of Gozag.
  5193 | D:5      | Found an iron altar of Okawaru.
  5193 | D:5      | Found a sacrificial altar of Ru.
  5204 | D:5      | Found a broken altar of Ashenzari.
  5204 | D:5      | Found a white marble altar of Elyvilon.
  5205 | D:5      | Found a snail-covered altar of Cheibriados.
  5210 | D:5      | Became a worshipper of Warmaster Okawaru
  5633 | D:6      | You fall into a shaft and drop 1 floor!
  5792 | D:7      | Noticed Menkaure
  5797 | D:7      | Killed Menkaure
  6219 | D:6      | Noticed Blork the orc
  6234 | D:6      | Killed Blork the orc
  6245 | D:6      | Found a staircase to the Ecumenical Temple.
  6328 | D:6      | Noticed Edmund
  6334 | D:6      | Killed Edmund
  6334 | D:6      | Reached * piety under Okawaru
  6335 | D:6      | Reached skill level 5 in Invocations
  6486 | D:6      | Noticed Maggie
  6496 | D:6      | Killed Maggie
  6663 | D:6      | Found a runed translucent door.
  6664 | D:6      | Noticed Crazy Yiuf
  6670 | D:6      | Killed Crazy Yiuf
  6865 | D:7      | Found a runed translucent gate.
  6865 | D:7      | Found a runed translucent gate.
  6869 | D:7      | Found a runed translucent gate.
  6869 | D:7      | Noticed Psyclone's ghost (amateur OpCj)
  6870 | D:7      | Noticed a kobold demonologist
  7144 | D:7      | Found a stormy altar of Qazlal.
  7386 | D:8      | Reached skill level 5 in Short Blades
  7386 | D:8      | Reached skill level 5 in Long Blades
  7386 | D:8      | Reached skill level 5 in Maces & Flails
  7386 | D:8      | Reached skill level 5 in Polearms
  7386 | D:8      | Reached skill level 5 in Staves
  7386 | D:8      | Reached skill level 5 in Ranged Weapons
  7386 | D:8      | Reached skill level 5 in Throwing
  7386 | D:8      | Reached skill level 5 in Dodging
  7386 | D:8      | Reached skill level 5 in Stealth
  7386 | D:8      | Reached skill level 5 in Unarmed Combat
  7386 | D:8      | Reached skill level 5 in Spellcasting
  7386 | D:8      | Reached skill level 5 in Evocations
  7386 | D:8      | Reached XP level 10. HP: 77/81 MP: 17/17
  7424 | D:8      | Reached ** piety under Okawaru
  7595 | D:8      | Learned a level 2 spell: Cigotuvi's Dreadful Rot
  8323 | D:9      | Found a transporter.
  8329 | D:9      | Found a transporter.
  8347 | D:9      | Noticed a two-headed ogre
  8365 | D:9      | Killed a two-headed ogre
  8365 | D:9      | Reached *** piety under Okawaru
  8452 | D:9      | Found a viscous altar of Jiyva.
  8495 | D:9      | Found a staircase to the Orcish Mines.
  8751 | D:9      | Noticed a two-headed ogre
  8761 | D:9      | Killed a two-headed ogre
  8761 | D:9      | Reached **** piety under Okawaru
  8762 | D:9      | Reached skill level 5 in Conjurations
  8762 | D:9      | Reached skill level 5 in Hexes
  8762 | D:9      | Reached skill level 5 in Summonings
  8762 | D:9      | Reached skill level 5 in Necromancy
  8762 | D:9      | Reached skill level 5 in Translocations
  8762 | D:9      | Reached skill level 5 in Transmutations
  8762 | D:9      | Reached skill level 5 in Fire Magic
  8762 | D:9      | Reached skill level 5 in Ice Magic
  8762 | D:9      | Reached skill level 5 in Air Magic
  8762 | D:9      | Reached skill level 5 in Earth Magic
  8762 | D:9      | Reached skill level 5 in Poison Magic
  8762 | D:9      | Reached XP level 11. HP: 89/89 MP: 18/20
  9009 | D:10     | Entered Level 10 of the Dungeon
  9781 | D:10     | Found a bloodstained altar of Trog.
  9885 | D:11     | Noticed Psyche
  9893 | D:11     | Killed Psyche
  9908 | D:11     | Reached ***** piety under Okawaru
 10085 | D:11     | Found a glowing silver altar of Zin.
 10311 | D:11     | Noticed a two-headed ogre
 10323 | D:11     | Killed a two-headed ogre
 10522 | D:11     | Found a staircase to the Lair.
 10542 | D:11     | Noticed Erolcha
 10827 | D:11     | Noticed Erica
 10842 | D:11     | Killed Erica
 10988 | D:11     | Killed Erolcha
 10988 | D:11     | Received a gift from Okawaru
 11276 | Lair:1   | Entered Level 1 of the Lair of Beasts
 11358 | Lair:1   | Reached XP level 12. HP: 71/97 MP: 22/22
 11370 | Lair:1   | Received a gift from Okawaru
 12053 | Lair:1   | Reached skill level 10 in Fighting
 12053 | Lair:1   | Reached skill level 10 in Armour
 12053 | Lair:1   | Reached skill level 10 in Shields
 12488 | Lair:2   | Noticed a skyshark
 12502 | Lair:1   | Killed a skyshark
 12880 | Lair:2   | Found a staircase to the Swamp.
 13707 | Lair:3   | Noticed Fannar
 13734 | Lair:3   | Noticed Snorg
 13736 | Lair:3   | Killed Fannar
 13751 | Lair:3   | Killed Snorg
 13771 | Lair:3   | Mangled by a komodo dragon

Illustrated notes

Levels and vault maps discovered:
D:1:      minmay_arrival_stair_chambers, layout_loops_cross
D:2:      layout_basic, chequers_ecumenical_altar_simple_redux,
          minmay_misc_feat_enclosed
D:3:      layout_basic, cheibrodos_sewer_entry_drain, uniq_terence, uniq_sigmund
D:4:      old_forge, layout_layer_cave, uniq_natasha, uniq_eustachio
D:5:      layout_basic, grunt_temple_overflow_open
D:6:      layout_basic, minmay_temple_entry_crystal_x, kennysheep_boxes,
          uniq_maggie, uniq_blork_the_orc, uniq_crazy_yiuf_cottage, uniq_edmund
D:7:      nicolae_cairo_tiling_large, layout_loops_ring,
          nicolae_qazlal_eye_of_the_storm, gammafunk_ghost_nasty_kobolds,
          uniq_menkaure
D:8:      layout_rooms
D:9:      gammafunk_jiyva_shrine, layout_irregular_city, david_orc_2
D:10:     layout_stronghold, lightli_temple_of_fire, serial_column_ruins,
          column_ruins_hut, column_ruins_grid_5, column_ruins_grid_1,
          column_ruins_columns_corner, column_ruins_grid_1,
          column_ruins_corridor_plus, column_ruins_open_tiny
D:11:     layout_basic, erik_lair_island, zin_academy, uniq_erica, uniq_erolcha,
          uniq_psyche
Lair:1:   layout_cave_shapes, beast_lair_carwin_2
Lair:2:   layout_cave_pods, swamp_mist, serial_rivers,
          chequers_serial_rivers_micro_c, chequers_serial_rivers_micro_a,
          chequers_serial_rivers_micro_b, chequers_serial_rivers_micro_c,
          serial_bayou_shore_b
Lair:3:   layout_gridlike, guppyfry_snake_entry_island,
          ebering_ghost_inner_flame, uniq_fannar, uniq_snorg, uniq_amaemon

Skill      XL: |  1  2  3  4  5  6  7  8  9 10 11 12 |
---------------+-------------------------------------+-----
Invocations    | 1 2 3 4 5 6 7 8 |  8.6
Short Blades   | 1 2 3 5 6 7 |  7.8
Long Blades    | 1 2 3 5 6 7 |  7.8
Maces & Flails | 1 2 3 5 6 7 |  7.8
Polearms       | 1 2 3 5 6 7 |  7.8
Staves         | 1 2 3 5 6 7 |  7.8
Ranged Weapons | 1 2 3 5 6 7 |  7.8
Throwing       | 1 2 3 5 6 7 |  7.8
Dodging        | 1 2 3 5 6 7 |  7.8
Stealth        | 1 2 3 5 6 7 |  7.8
Unarmed Combat | 1 2 3 5 6 7 |  7.8
Spellcasting   | 1 2 3 5 6 7 |  7.8
Evocations     | 1 2 3 5 6 7 |  7.8
Conjurations   | 1 2 3 4 5 6 |  6.5
Hexes          | 1 2 3 4 5 6 |  6.5
Summonings     | 1 2 3 4 5 6 |  6.5
Necromancy     | 1 2 3 4 5 6 |  6.5
Translocations | 1 2 3 4 5 6 |  6.5
Transmutations | 1 2 3 4 5 6 |  6.5
Fire Magic     | 1 2 3 4 5 6 |  6.5
Ice Magic      | 1 2 3 4 5 6 |  6.5
Air Magic      | 1 2 3 4 5 6 |  6.5
Earth Magic    | 1 2 3 4 5 6 |  6.5
Poison Magic   | 1 2 3 4 5 6 |  6.5
Axes           | 5 6 7 8 9 |  9.1
Fighting       | 7 8 9 10 | 10.2
Armour         | 7 8 9 10 | 10.2
Shields        | 7 8 9 10 | 10.2

Action                     |  1- 3 |  4- 6 |  7- 9 | 10-12 || total
---------------------------+-------+-------+-------+-------++-------
  Melee: War axe           |    72 |    17 |       |       ||    89
         Bite              |     8 |    10 |    21 |    32 ||    71
         Morningstar       |       |    47 |       |       ||    47
         Demon trident     |       |    16 |    58 |     3 ||    77
         Double sword      |       |       |   130 |   316 ||   446
         Scimitar          |       |       |       |     4 ||     4
   Fire: Sling             |    10 |    52 |    81 |   158 ||   301
  Throw: Dart              |       |       |       |    16 ||    16
   Cast: Cigotuvi's Dreadf |       |       |       |     1 ||     1
 Invoke: Heroism           |       |       |       |     4 ||     4
  Evoke: Wand              |       |       |       |     2 ||     2
    Use: Scroll            |     7 |     3 |     8 |     6 ||    24
         Potion            |     1 |     8 |       |     4 ||    13
 Armour: Scale mail        |    22 |    37 |    68 |   147 ||   274
  Dodge: Dodged            |    35 |    42 |    49 |   145 ||   271
  Block: Buckler           |    11 |    18 |       |       ||    29
         Kite shield       |       |       |    40 |   216 ||   256
